 Dungeon Crawl Stone Soup version 0.30-a0-137-gd8773701ce (webtiles) character file.

Game seed: 9171187080555109333

3348 greasedhog the Basher (level 10, -9/59 HPs)
             Began as a Gargoyle Chaos Knight on Sept 21, 2022.
             Was a Plaything of Xom.
             Mangled by a yak (10 damage)
             ... on level 8 of the Dungeon.
             The game lasted 00:13:45 (8942 turns).

greasedhog the Basher (Gargoyle Chaos Knight)       Turns: 8942, Time: 00:13:45

Health: -9/59      AC: 27    Str: 21    XL:     10   Next: 2%
Magic:  10/10      EV:  7    Int: 12    God:    Xom [..*...]
Gold:   533        SH:  0    Dex:  9    Spells: 9/9 levels left

rFire   . . .      SeeInvis .    a - +1 mace (chaos)
rCold   . . .      Faith    .    (no shield)
rNeg    + . .      Spirit   .    E - +0 plate armour
rPois   ∞          Reflect  .    (no helmet)
rElec   +          Harm     .    A - +0 cloak
rCorr   .          Rampage  .    p - +0 pair of gloves
Will    +....                    z - +0 pair of boots
Stlth   ..........               (no amulet)
HPRegen 0.19/turn                f - ring of willpower
MPRegen 0.12/turn                w - +4 ring of protection

@: on berserk cooldown, slowed, very slow
A: sickness immunity, AC +7, negative energy resistance 1, electricity
resistance, torment resistance 1, petrification resistance
a: Renounce Religion


You were on level 8 of the Dungeon.
You worshipped Xom.
You were a toy of Xom.
You visited 2 branches of the dungeon, and saw 9 of its levels.
You also visited: Ossuary.

You collected 533 gold pieces.

Inventory:

Hand Weapons
 a - a +1 mace of chaos (weapon)
Missiles
 m - a throwing net
 C - 4 curare-tipped darts (quivered)
Armour
 p - a +0 pair of gloves (worn)
 z - a +0 pair of boots (worn)
 A - a +0 cloak (worn)
 E - a +0 plate armour (worn)
Jewellery
 f - a ring of willpower (left hand)
 w - a +4 ring of protection (right hand)
 y - a ring of willpower
 D - a ring of see invisible
Wands
 i - a wand of flame (29)
 k - a wand of paralysis (12)
 B - a wand of roots (6)
Scrolls
 j - 2 scrolls of teleportation
 l - a scroll of summoning
 n - a scroll of silence
 r - 2 scrolls of blinking
 v - a scroll of enchant armour
 x - a scroll of identify
Potions
 b - a potion of flight {unknown}
 d - 4 potions of brilliance
 e - 2 potions of lignification {unknown}
 g - 7 potions of attraction
 h - 4 potions of curing {unknown}
 o - 3 potions of heal wounds
 q - a potion of resistance {unknown}
 s - a potion of degeneration {unknown}
 t - a potion of invisibility {unknown}
 u - 3 potions of magic {unknown}
Miscellaneous
 c - a piece from Xom's chessboard (15/15)


   Skills:
 - Level 5.0 Fighting
 * Level 10.3 Maces & Flails
 - Level 5.2 Armour
 - Level 5.1 Dodging
 * Level 4.4 Evocations


You had 9 spell levels left.
You didn't know any spells.
Your spell library contained the following spells:

 Spells                   Type           Power      Damage    Failure   Level
 Beastly Appendage        Tmut           0%         N/A       100%        1
 Freeze                   Ice            0%         1d3       100%        1
 Magic Dart               Conj           0%         1d3       100%        1
 Necrotise                Necr           0%         1d4       100%        1
 Blink                    Tloc           0%         N/A       100%        2
 Call Imp                 Summ           0%         N/A       100%        2
 Poisonous Vapours        Pois/Air       0%         N/A       100%        2
 Wereblood                Tmut           0%         N/A       100%        2
 Frozen Ramparts          Ice            0%         1d1       100%        3
 Mephitic Cloud           Conj/Pois/Air  0%         N/A       100%        3
 Spider Form              Tmut/Pois      0%         N/A       100%        3
 Tukima's Dance           Hex            0%         N/A       100%        3
 Vampiric Draining        Necr           0%         2d6       100%        3
 Cause Fear               Hex            0%         N/A       100%        4
 Hailstorm                Conj/Ice       0%         3d3       100%        4
 Manifold Assault         Tloc           0%         N/A       100%        4
 Passage of Golubria      Tloc           0%         N/A       100%        4
 Summon Ice Beast         Ice/Summ       0%         N/A       100%        4
 Agony                    Necr           0%         N/A       100%        5
 Yara's Violent Unravell  Hex/Tmut       0%         3d3       100%        5
 Dragon Form              Tmut           0%         N/A       100%        7
 Malign Gateway           Summ/Tloc      0%         N/A       100%        7
 Spellforged Servitor     Conj/Summ      0%         N/A       100%        7
 Storm Form               Tmut/Air       0%         N/A       100%        7
 Summon Hydra             Summ           0%         N/A       100%        7
 Summon Horrible Things   Summ           0%         N/A       100%        8
 Dragon's Call            Summ           0%         N/A       100%        9
 Cigotuvi's Dreadful Rot  Necr/Pois/Air  Unusable   N/A       N/A         2

Dungeon Overview and Level Annotations

Branches:
Dungeon (8/15)             Temple (1/1) D:4         Ossuary (visited)
   Lair: D:8-11

Altars:
Dithmenos
Gozag
Makhleb
Qazlal
Sif Muna
Vehumet
Xom
Zin

Annotations:
D:4 3 runed translucent doors, Valamore's ghost, amateur PaGl


Innate Abilities, Weirdness & Mutations

You are immune to sickness and miasma.
Your stone body is resilient. (AC +7)
You are immune to poison.
You resist negative energy. (rN+)
You are resistant to electric shocks. (rElec)
You are resistant to unholy torment.
You are immune to petrification.


Message History

You barely miss the yak.
The yak is heavily wounded.
You hit the yak.
The yak is heavily wounded.
The yak gores you but does no damage. x2
You sock the yak! You burn the yak!
You kill the yak!
The yak barely misses you.
You have reached level 10!
You sock the yak!
The yak is moderately wounded.
You are no longer berserk.
You are exhausted.
You feel yourself slow down. The yak barely misses you.
You hit the yak. You drain the yak.
The yak is severely wounded.
The yak gores you but does no damage.
You barely miss the yak.
The yak is severely wounded.
The yak gores you but does no damage.
You hit the yak but do no damage.
The yak is severely wounded.
The yak gores you but does no damage.
You sock the yak!
The yak flickers and vanishes!
Deactivating autopickup; reactivate with Ctrl-A.
Something gores you.
You hit something. Something gores you!
* * * LOW HITPOINT WARNING * * *
You hit something.
Something gores you but does no damage. x2
You miss something. Your punch misses something.
Something gores you but does no damage.
You hit something but do no damage. Something gores you but does no damage.
You completely miss something. Something gores you but does no damage.
You hit something. Something gores you!
* * * LOW HITPOINT WARNING * * *
Xom thinks this is hilarious!
A shower of butterflies erupts from you!
Something gores you!
You die...

# #. .+
#.########..#
#>..Y{@bb...+ .
#...b#####$.# ..Y
#........Y..#.#.Y
#.##......Y.... #
###.....##.# ##
#.....##.#Y..
+.........#
#.........#
#.........#


You could see a yak (drained).

Vanquished Creatures
  Maggie (D:6)
  A troll (D:7)
  Sigmund (D:6)
  5 yaks (D:8)
  A water moccasin (D:4)
  A sky beast (D:6)
  An ogre (D:7)
  A centaur (D:7)
  2 kobold brigands (D:7)
  A necrophage (D:5)
  2 scorpions
  3 wights (D:7)
  A vampire bat (D:5)
  3 jellies
  A hound (D:3)
  3 orc priests
  3 iron imps (D:6)
  Ijyb (D:3)
  7 orc wizards
  5 mummies (Ossuary)
  5 gnolls
  5 adders
  A white imp (D:3)
  3 worms
  A dart slug (D:2)
  3 fire bats (D:5)
  24 orcs
  2 spectral bats (D:5)
  7 ball pythons
  3 bat skeletons (D:5)
  A bat zombie (D:5)
  8 endoplasms
  5 giant cockroaches
  2 gnoll zombies (Ossuary)
  12 goblins
  7 hobgoblins
  4 jackals (D:1)
  4 quokkas
  12 bats
  A bat simulacrum (D:5)
  4 frilled lizards
  A hobgoblin zombie (Ossuary)
  18 kobolds
  2 kobold zombies (Ossuary)
  An orc zombie (Ossuary)
  4 rats
184 creatures vanquished.

Vanquished Creatures (collateral kills)
  An orc warrior (D:7)
  3 mummies (Ossuary)
  2 gnolls (D:3)
  A hobgoblin zombie (Ossuary)
  An orc zombie (Ossuary)
8 creatures vanquished.

Vanquished Creatures (others)
  2 plants (D:1)
2 creatures vanquished.

Grand Total: 194 creatures vanquished

Notes
Turn   | Place    | Note
-------+----------+-------------------------------------------
     0 | D:1      | greasedhog the Gargoyle Chaos Knight began the quest for
                  | the Orb.
     0 | D:1      | Reached XP level 1. HP: 14/14 MP: 1/1
   230 | D:1      | Reached XP level 2. HP: 18/19 MP: 2/2
   356 | D:1      | XOM: divination: detect creatures
   410 | D:1      | Found a faded altar of an unknown god.
   610 | D:1      | Reached XP level 3. HP: 18/24 MP: 3/3
   701 | D:1      | XOM: cloud trail
   744 | D:1      | XOM: 3-stop teleportation journey
  1054 | D:1      | You fall into a shaft and drop 1 floor!
  1620 | D:2      | XOM: butterfly on damage
  1627 | D:2      | Reached skill level 4 in Maces & Flails
  1627 | D:2      | Reached XP level 4. HP: 22/30 MP: 4/4
  1737 | D:2      | XOM: scenery: 1 doors close
  2045 | D:1      | XOM: scenery: 1 doors close
  2537 | D:3      | XOM: enchant monster (bad)
  2798 | D:3      | Noticed Ijyb
  2801 | D:3      | Paralysed by Ijyb for 2 turns
  2818 | D:3      | Killed Ijyb
  2819 | D:3      | Reached skill level 5 in Fighting
  2819 | D:3      | Reached XP level 5. HP: 29/35 MP: 5/5
  2835 | D:3      | XOM: summons 2 hostile shadow creatures
  2883 | D:3      | XOM: polymorph gnoll -> killer bee
  3031 | D:3      | XOM: scenery: create altars
  3045 | D:3      | XOM: noise
  3283 | D:3      | XOM: fog
  3497 | D:3      | XOM: noise
  3790 | D:3      | XOM: divination: detect items
  3990 | D:4      | Noticed Valamore's ghost (amateur PaGl)
  3990 | D:4      | Found a runed translucent gate.
  3990 | D:4      | Found a runed translucent gate.
  3990 | D:4      | Found a runed translucent gate.
  4003 | D:4      | Found a staircase to the Ecumenical Temple.
  4013 | Temple   | Entered the Ecumenical Temple
  4032 | D:4      | Noticed a water moccasin
  4043 | D:4      | XOM: scenery: summon butterflies
  4049 | D:4      | XOM: confusion (+ monsters)
  4057 | D:4      | XOM: 1-stop teleportation journey
  4171 | D:4      | Found a sand-covered staircase.
  4293 | Ossuary  | Entered an ossuary
  4339 | Ossuary  | Reached skill level 5 in Maces & Flails
  4371 | Ossuary  | XOM: summons 5 friendly demons
  4378 | Ossuary  | Reached XP level 6. HP: 40/40 MP: 6/6
  4855 | D:4      | XOM: scenery: summon butterflies
  4883 | D:4      | XOM: 7-stop teleportation journey
  4992 | D:4      | XOM: scenery: create altars
  5270 | D:4      | XOM: divination: magic mapping
  5287 | D:4      | Killed a water moccasin
  5288 | D:4      | Reached skill level 6 in Maces & Flails
  5288 | D:4      | Reached XP level 7. HP: 44/44 MP: 7/7
  5328 | D:4      | XOM: silly message
  5454 | D:4      | Identified the +5 short sword of Wrath {venom, SInv}
  5533 | D:5      | Entered Level 5 of the Dungeon
  5705 | D:5      | Found an opulent altar of Gozag.
  5779 | D:5      | XOM: divination: detect creatures
  6102 | D:5      | Reached skill level 5 in Armour
  6224 | D:5      | XOM: potion effect (haste)
  6368 | D:5      | Reached skill level 1 in Dodging
  6452 | D:6      | Found a shimmering altar of Xom.
  6479 | D:6      | Reached XP level 8. HP: 38/49 MP: 8/8
  6619 | D:6      | XOM: divination: detect items
  6653 | D:6      | Reached skill level 7 in Maces & Flails
  6850 | D:6      | XOM: god gift: Asmodeus's Guide on Leadership {god gift}
  6851 | D:6      | Got Asmodeus's Guide on Leadership {god gift}
  6858 | D:6      | Noticed Maggie
  6858 | D:6      | Noticed Sigmund
  6876 | D:6      | HP: 2/49 [Maggie/bolt of fire (4)]
  6877 | D:6      | Killed Maggie
  7029 | D:6      | XOM: butterfly on damage
  7035 | D:6      | XOM: confuse monster(s)
  7063 | D:5      | XOM: 7-stop teleportation journey
  7182 | D:5      | XOM: god gift: +1 barding of cold resistance
  7196 | D:6      | XOM: cloud trail
  7222 | D:6      | XOM: cast spell 'Leda's Liquefaction'
  7238 | D:6      | Killed Sigmund
  7378 | D:6      | Found a burning altar of Makhleb.
  7379 | D:6      | XOM: potion effect (brilliance)
  7390 | D:6      | Reached skill level 8 in Maces & Flails
  7445 | D:7      | XOM: noise
  7472 | D:7      | Noticed a troll
  7686 | D:7      | XOM: summons friendly crimson imp
  7689 | D:7      | Killed a troll
  7690 | D:7      | Reached XP level 9. HP: 53/54 MP: 9/9
  7699 | D:7      | XOM: butterfly on damage
  7861 | D:7      | XOM: noise
  7865 | D:7      | XOM: divination: magic mapping
  7869 | D:7      | XOM: cast spell 'Olgreb's Toxic Radiance'
  7870 | D:7      | XOM: cast spell 'Summon Ice Beast'
  7873 | D:7      | Reached skill level 9 in Maces & Flails
  7873 | D:7      | Reached skill level 5 in Dodging
  7877 | D:7      | XOM: smoke on damage
  7881 | D:7      | Reached skill level 1 in Evocations
  8610 | D:7      | Found a stormy altar of Qazlal.
  8774 | D:7      | XOM: silly message
  8882 | D:8      | XOM: 5-stop teleportation journey
  8892 | D:8      | XOM: divination: detect creatures
  8917 | D:8      | XOM: potion effect (berserk rage)
  8921 | D:8      | Reached skill level 10 in Maces & Flails
  8931 | D:8      | Reached XP level 10. HP: 43/59 MP: 10/10
  8942 | D:8      | HP: 1/59 [something (16)]
  8942 | D:8      | XOM: butterfly on damage
  8942 | D:8      | Mangled by a yak

Illustrated notes

Levels and vault maps discovered:
D:1:      elethiomel_arrival_maze, layout_basic,
          shapermc_ecumenical_altar_mp_ritualfount, minmay_misc_feat_hallway
D:2:      layout_basic, minmay_tripent
D:3:      layout_basic, uniq_ijyb
D:4:      layout_basic, minmay_temple_entry_waves, biasface_ghost_orc_armoury,
          enter_ossuary_2, minmay_diced_spiral
D:5:      layout_basic, mainiacjoe_overflow_cross_hatched,
          hangedman_decor_points, st_stairs_7, goddamned_bats
D:6:      layout_rooms, demons_altar, mainiacjoe_overflow_boulevard,
          uniq_maggie, uniq_sigmund
D:7:      layout_rooms, mainiacjoe_overflow_paths
D:8:      layout_basic, enter_bailey_5, kennysheep_generic_room_5
Temple:   hellmonk_temple_two_chambers

Skill      XL: |  1  2  3  4  5  6  7  8  9 |
---------------+----------------------------+-----
Fighting       | 4 5 |  5.0
Maces & Flails | 4 5 6 8 10 | 10.3
Armour         | 3 4 5 |  5.2
Dodging        | 1 4 5 |  5.1
Evocations     | 4 |  4.4

Action                   |  1- 3 |  4- 6 |  7- 9 | 10-12 || total
-------------------------+-------+-------+-------+-------++-------
Melee: Mace              |    98 |   173 |   376 |    11 ||   658
       Punch             |     2 |     1 |     3 |       ||     6
Throw: Throwing net      |       |       |     4 |       ||     4
       Dart              |       |       |     2 |       ||     2
Evoke: Wand              |       |     1 |       |       ||     1
       Piece from Xom's  |       |     1 |       |       ||     1
  Use: Scroll            |     4 |     6 |     2 |       ||    12
       Potion            |       |       |     3 |       ||     3
 Stab: Paralysed         |       |     5 |       |       ||     5
       Sleeping          |       |     1 |       |       ||     1
       Petrified         |       |       |     7 |       ||     7
       Held in net/web   |       |       |     2 |       ||     2
       Confused          |       |       |     1 |       ||     1
Armor: Leather armour    |    61 |    16 |       |       ||    77
       Scale mail        |       |    70 |   277 |       ||   347
       Plate armour      |       |       |    31 |     8 ||    39
Dodge: Dodged            |    67 |    91 |   211 |     1 ||   370

Table legend: (Time is in decaauts)
 A = Elapsed time spent in this place.
 B = Non-inter-level travel time spent in this place.
 C = Inter-level travel time spent in this place.
 D = Time resting spent in this place.
 E = Time spent auto-exploring this place.
 F = Levels seen in this place.
 G = Mean time per level.
                   A        B        C        D        E       F      G
               +--------+--------+--------+--------+--------+-----+--------+
         Total |   8979 |   8657 |    322 |   1669 |   5256 |  10 |  897.9 |
       Dungeon |   8528 |   8206 |    322 |   1483 |   5123 |   8 | 1066.0 |
        Temple |      1 |      1 |      0 |      0 |      0 |   1 |    1.0 |
       Ossuary |    449 |    449 |      0 |    186 |    133 |   1 |  449.0 |
               +--------+--------+--------+--------+--------+-----+--------+

Top non-repeatable levels by time:
     D:3: 1478 daAuts
     D:1: 1439 daAuts
     D:6: 1278 daAuts
     D:2: 1110 daAuts
     D:4: 1103 daAuts
     D:7: 1043 daAuts
     D:5: 994 daAuts
 Ossuary: 449 daAuts
     D:8: 81 daAuts
  Temple: 1 daAuts
